Workbook
Name _Hlk183499333: DATOS!$B$9
Name _Hlk183970402: DATOS!$B$9
Name SIoNO: DATOS!$E$1:$E$2

Sheet DATOS
A1: DATOS DEL PROCESO
A2: PROCESO: | B2: MÍNIMA CUANTÍA No.4163.001.32.1.896 - 2024
A3: OBJETO: | B3: “ADQUIRIR SERVICIO DE IMÁGENES SATELITALES CON SOFTWARE”, De conformidad con el proyecto de inversión BP-26005467.
A4: PRESUPUESTO OFICIAL ($): | B4: 45615630
A5: PRESUPUESTO OFICIAL (SMMLV): | B5: =B4/1300000 -> 35.088946
A6: FECHA DE CIERRE PROCESO | B6: 45637
A7: DATOS DEL PROPONENTE
A8: NUMERO DEL PROPONENTE: | B8: 1
A9: NOMBRE DEL PROPONENTE: | B9: PROCALCULO PROSIS S.A.S (NIT 860.034.714-7 ) | C9: % PARTIC
A10: INTEGRANTES DEL PROPONENTE: | B10: PROCALCULO PROSIS S.A.S (NIT 860.034.714-7 ) | C10: 1
B11: N/A | C11: N/A
B12: N/A | C12: N/A
B13: N/A | C13: N/A
C14: =SUM(C10:C13) -> 1

Sheet EVALUACION JURIDICA
A1: =DATOS!B2 -> MÍNIMA CUANTÍA No.4163.001.32.1.896 - 2024
A2: SECRETARIA DE GESTIÓN DEL RIESGO DE EMERGENCIAS Y DESASTRES DE SANTIAGO DE CALI DEPARTAMENTO ADMINISTRATIVO DE CONTRATACION PUBLICA
A3: EVALUACIÓN JURÍDICA VERIFICACION DE REQUISITOS HABILITANTE
A4: =DATOS!B3 -> “ADQUIRIR SERVICIO DE IMÁGENES SATELITALES CON SOFTWARE”, De conformidad con el proyecto de inversión BP-26005467.
A5: =DATOS!B10 -> PROCALCULO PROSIS S.A.S (NIT 860.034.714-7 )
A6: =+CONCATENATE("PROPUESTA No ",DATOS!B8) -> PROPUESTA No 1
A7: DOCUMENTOS QUE SOPORTAN LA CAPACIDAD JURÍDICA
A8: CONDICIÓN | C8: =DATOS!B10 -> PROCALCULO PROSIS S.A.S (NIT 860.034.714-7 )
C9: VERIFICADO | D9: OBSERVACIONES | E9: CUMPLE SI / NO
A10: CARTA DE PRESENTACIÓN DE LA PROPUESTA | S10: OK
A11: La carta de presentación de la propuesta debe ser diligenciada según el ANEXO | C11: OK | D11: INFORMACIÓN REPRESENTANTE | E11: =IF(AND(OR(C11:C17="OK",),OR(C20="OK",C20="N/A"),OR(C21="OK",C21="N/A"),OR(C22="OK",C22="N/A"),OR(C23="OK",C23="N/A"),OR(C24="OK",C24="N/A")),"CUMPLE","NO CUMPLE") -> CUMPLE | S11: N/A
A12: Debe ser suscrita EN ORIGINAL . | S12: PENDIENTE
A13: Debe ser firmada, por el proponente: Representante legal para personas jurídicas, persona designada para representarlo, o quien se encuentre facultado conforme a la ley y los estatutos sociales. | C13: OK | D13: El proponente aporta certificado de Presentación de oferta (anexo 1) debidamente diligenciada y firmada. RL: Felipe Trujillo Gutierrez | S13: NO PRESENTA
D14: C.C. No. 79793681
A15: En el caso de consorcio o unión temporal, será firmada por quien haya sido designado representante en el documento de constitución. | C15: N/A
A16: Quien designe apoderado debe tener la legitimación para hacerlo, caso en el cual debe anexar el poder correspondiente, junto con la carta de presentación en la propuesta. | C16: N/A
A17: Aval si el proponente o su representante "NECESITA AUTORIZACION DE JUNTA DE SOCIOS" O si el representante legal del proponente requiere autorización de sus órganos de dirección para presentar oferta y para suscribir el contrato, deberá anexar los documentos que acrediten dicha autorización. | C17: N/A
A18: DOCUMENTO DE CONFORMACIÓN DE CONSORCIOS O UNIONES TEMPORALES
A19: Cuando la propuesta se presente en cualquiera de estas modalidades de asociación, el proponente deberá presentar el respectivo Aenxo completamente diligenciado y firmado por todos y cada uno de los integrantes | C19: N/A | E19: =IF(AND(OR(C19="OK",C19="N/A"),OR(C20="OK",C20="N/A"),OR(C21="OK",C21="N/A"),OR(C22="OK",C22="N/A"),OR(C23="OK",C23="N/A"),OR(C24="OK",C24="N/A")),"CUMPLE","NO CUMPLE") -> CUMPLE
A20: A. Indicar en forma expresa si su participación es a título de consorcio, unión temporal, o si se trata de una promesa de sociedad futura (art. 119 del Código de comercio) | C20: N/A
A21: B. Identificación de la persona que los representará | C21: N/A
A22: C. En caso de Unión Temporal, se indicará la extensión de la participación que tendrá cada uno de sus integrantes. | C22: N/A
A23: D. Su compromiso de permanecer en el Consorcio o en Unión Temporal durante el termino de ejecución y liquidación del contrato y un (2) año más. | C23: N/A
A24: E. Indicar los términos porcentual de cada uno de los integrantes en la forma asociativa correspondiente. | C24: N/A
A25: APODERADO
A26: Los proponentes podrán presentar ofertas directamente o por intermedio de apoderado, evento en el cual deberán anexar el poder otorgado en legal forma, en el que se confiera al apoderado, de manera clara y expresa, facultades amplias y suficientes para actuar, obligar y responsabilizar a todos y cada uno de los integrantes del proponente, en el trámite del presente proceso y/o en la suscripción del contrato. | C26: N/A | E26: =IF(AND(OR(C26="OK",C26="N/A")),"CUMPLE","NO CUMPLE") -> CUMPLE
A27: EXISTENCIA Y REPRESENTACIÓN
A28: PERSONA NATURAL
A29: Copia de la Cédula de ciudadanía o de la cédula de extranjería, según el caso | C29: N/A | E29: =IF(AND(OR(C29="OK",C29="N/A"),OR(C30="OK",C30="N/A")),"CUMPLE","NO CUMPLE") -> CUMPLE
A30: Presentación del registro mercantil expedido por la Cámara de Comercio correspondiente, dentro de los treinta (30) días calentandio anteriores al cierre de este proceso de selección | C30: N/A
A31: PERSONA JURÍDICA NACIONAL O EXTRANJERA CON SUCURSAL
A32: Copia del certificado de existencia y representación legal expedido por la Cámara de Comercio correspondiente | C32: OK | D32: El proponente aporta Certificado certificado de existencia y representación legal expedido por la Cámara de Comercio de Cali, con fecha de expedición del 04 de diciembre de 2024. CÓDIGO DE VERIFICACIÓN B24797804BE816 | E32: =IF(AND(OR(C32="OK",C32="N/A"),OR(C33="OK",C33="N/A"),OR(C34="OK",C34="N/A"),OR(C35="OK",C35="N/A"),OR(C36="OK",C36="N/A")),"CUMPLE","NO CUMPLE") -> CUMPLE
A33: El certificado debe haber sido expedido dentro de los treinta (30) días calendario anteriores al cierre de éste proceso de selección | C33: OK
A34: Objeto social: En el certificado el objeto social debe estar relacionado con el objeto del contrato a suscribir. | C34: OK | D34: El objeto social de la persona juridica CUMPLE - es acorde al objeto de la presente contratacion, aspecto requerido en los estudios previos. la persona jurídica no se encuentra disuelta y su duración es indefinida. El representante legal está facultado para suscribir el contrato.
A35: La duración de la sociedad debe ser igual a la ejecución del contrato y ocho meses más. | C35: OK
A36: Autorización para Contratar: En el evento en que el contenido del Certificado de Existencia y Representación Legal, haga remisión a los estatutos de la sociedad para establecer las facultades del Representante Legal, el oferente anexará copia de la parte pertinente de dichos estatutos y si de éstos se desprende que hay limitación para presentar la propuesta, se adjuntará la autorización específica y expresa del órgano competente para participar en éste proceso y suscribir el contrato en caso de resultar seleccionado. | C36: N/A
A37: FOTOCOPIA DE LA CÉDULA DE CIUDADANÍA DEL REPRESENTANTE LEGAL, Y DE LA LIBRETA MILITAR
A38: Copia legible de la cédula de ciudadanía amarilla de hologramas, de conformidad con la Ley 757 de 2.002, modificada por la Ley 999 de 2005, reglamentada por el Decreto 4969 de 2.009 del representante legal de la persona jurídica, o cédula de extranjería o pasaporte. | C38: OK | D38: El señor Felipe Trujillo Gutierrez aporta copia legible de la Cédula de Ciudadanía cumpliendo la caracteristicas legales aquí descritas. | E38: =IF(AND(OR(C38="OK",C38="N/A"),OR(C39="OK",C39="N/A")),"CUMPLE","NO CUMPLE") -> CUMPLE
A39: Copia legible de la libreta militar del proponente o de los integrantes del proponente plural y su representante. | C39: OK | D39: El señor Felipe Trujillo Gutierrez acredita su situacion aportando libreta militar. No obstante, la Entidad reliza validación en la página de las fuerzas militares de colombia ejercito nacional el día diciembre 11 de 2024 verificando su situacion militar.
A40: RESPECTO A SANCIONES, INHABILIDADES Y ANTECEDENTES JUDICIALES DISCIPLINARIOS Y FISCALES.
A41: CERTIFICADO DE ANTECEDENTES DISCIPLINARIOS DE LA PROCURADURÍA GENERAL DE LA NACIÓN
A42: REPRESENTANTE LEGAL: El proponente no podrá estar incurso en sanciones ni inhabilidades vigentes para contratar, consultando el Sistema de Información de Registro de Sanciones e Inhabilidades (SIRI) de la Procuraduría General de la Nación, tanto de la persona natural o jurídica como de su representante legal y en el caso de Consorcios o Uniones Temporales y demás formas asociativas, de los representantes legales de cada uno de sus integrantes. | C42: OK | D42: El proponente aporta el Certificado de Antecedentes Disciplinarios No.259578646 con fecha de expedición 10/12/2024, del Representante Legal, en el cual se verifica que no registra sanciones ni inhabilidades vigentes. No obstante, la Entidad realiza validación en la página de la Procuraduría verificando que no registra sanciones ni inhabilidades vigentes. El proponente aporta el Certificado de Antecedentes Disciplinarios No. 259578523 con fecha de expedición 10/12/2024, de la Sociedad PROCALCULO PROSIS S.A.S., en el cual se verifica que no registra sanciones ni inhabilidades vigentes. No obstante, la Entidad reliza validación en la página de la Procuraduría verificando que no registra sanciones ni inhabilidades vigentes. | E42: =IF(AND(OR(C42="OK",C42="N/A"),OR(C43="OK",C43="N/A")),"CUMPLE","NO CUMPLE") -> CUMPLE
A43: EMPRESA: El proponente no podrá estar incurso en sanciones ni inhabilidades vigentes para contratar, consultando el Sistema de Información de Registro de Sanciones e Inhabilidades (SIRI) de la Procuraduría General de la Nación, tanto de la persona natural o jurídica como de su representante legal y en el caso de Consorcios o Uniones Temporales y demás formas asociativas, de los representantes legales de cada uno de sus integrantes. | C43: OK
A44: CERTIFICACIÓN DE ANTECEDENTES FISCALES DE LA CONTRALORÍA GENERAL DE LA REPÚBLICA
A45: REPRESENTANTE LEGAL:El proponente no podrá figurar en el último boletín de responsables fiscales expedido por la Contraloría General de la República, así como tampoco cada uno de sus integrantes cuando el mismo sea un consorcio o una unión temporal, ni los respectivos representantes legales.. | C45: OK | D45: El proponente aporta el Certificado de Antecedentes Fiscales con fecha de expedición 10/12/2024, del Representante legal con código de verificación 79793681241210092509 en el cual se verifica que no se encuentra reportado como resonsable fiscal. No obstante, la Entidad realiza la verificación del certificado en la página de la Contraloría con resultado que no se encuentra reportado como responsable fiscal. El proponente aporta el Certificado de Antecedentes Fiscales con fecha de expedición 10/12/2024, de la Sociedad PROCALCULO PROSIS S.A.S con código de verificación 8600347147241210092358 en el cual se verifica que no se encuentra reportado como resonsable fiscal. No obstante, la Entidad realiza la verificación del certificado en la página de la Contraloría con resultado que no se encuentra reportado como responsable fiscal. | E45: =IF(AND(OR(C45="OK",C45="N/A"),OR(C46="OK",C46="N/A")),"CUMPLE","NO CUMPLE") -> CUMPLE
A46: EMPRESA: El proponente no podrá figurar en el último boletín de responsables fiscales expedido por la Contraloría General de la República, así como tampoco cada uno de sus integrantes cuando el mismo sea un consorcio o una unión temporal, ni los respectivos representantes legales. | C46: OK
A47: CERTIFICADO DE ANTECEDENTES JUDICIALES
A48: El proponente persona natural, y cada uno de los integrantes del proponente plural, junto con su representante, deberán acreditar que no presentan antecedentes judiciales. | C48: OK | D48: El proponente aporta el certificado de antecedentes judiciales con fecha de expedición del 10 de diciembre de 2024, correspondiente al representante legal : Felipe Trujillo Gutierrez. Por lo tanto, en cumplimiento del Decreto 019 de 2012 y demas normas concordantes, la Entidad procede a verificar que no registra Asuntos pendientes con las autoridades judiciales. | E48: =IF(AND(OR(C48="OK",C48="N/A")),"CUMPLE","NO CUMPLE") -> CUMPLE
A50: El proponente persona natural, y cada uno de los integrantes del proponente plural, junto con su representante, deberán acreditar que no presentan en el Sistema de Registro Nacional de Medidas Correctivas, expedida en el portal de servicios al ciudadano PSC de la Policía Nacional. | C50: OK | D50: El proponente aporta el Certificado del Sistema de Registro Nacional de Medidas Correctivas con Registro interno de validación No. 1106429288 con fecha de expedición 10/12/2024, correspondiente al representante legal, en el cual se verifica que no tiene medidas correctivas pendientes por cumplir. No obstante, la Entidad valida en la página PSC Sistema Registro Nacional de Medidas Correctivas RNMC y se logra evidenciar que no registra medidas correctivas pendientes por cumplir. | E50: =IF(AND(OR(C50="OK",C50="N/A")),"CUMPLE","NO CUMPLE") -> CUMPLE
A51: CERTIFICADO REDAM
A52: El proponente persona natural, y cada uno de los integrantes del proponente plural, junto con su representante, deberán acreditar que no se encuentran inscritos en el Registro de Deudores Alimentarios Morosos - REDAM. | C52: OK | D52: El proponente aporta el Certificado de Registro de Deudores Alimentarios Morosos - REDAM con código de verificación FU3V841KEC expedido el 10/12/2024 por el Registro de Deudores Alimentarios Morosos, del representante legal , en el cual se verifica que no se encuentran inscritos en el Registro de Deudores Alimentarios Morosos - REDAM. | E52: =IF(AND(OR(C52="OK",C52="N/A")),"CUMPLE","NO CUMPLE") -> CUMPLE
A53: CERTIFICADO DE DELITOS SEXUALES CONTRA MENORES DE 18 AÑOS
A54: El proponente persona natural, y cada uno de los integrantes del proponente plural, junto con su representante, deberán acreditar que no registran Inhabilidades por delitos sexuales cometidos contra menores de 18 años. | C54: OK | D54: El proponente aporta el certificado acreditando que no registra Inhabilidades por delitos sexuales cometidos contra menores de 18 años. con fecha de expedición del 11 de diciembre de 2024, correspondiente al representante legal Por lo tanto, en cumplimiento del Decreto 019 de 2012 y demas normas concordantes, la Entidad procede a verificar que no registra Inhabilidades por delitos sexuales cometidos contra menores de 18 años.. | E54: =IF(AND(OR(C54="OK",C54="N/A")),"CUMPLE","NO CUMPLE") -> CUMPLE
A55: CERTIFICADO DE APORTES AL SISTEMA DE SEGURIDAD SOCIAL INTEGRAL, RIESGOS PROFESIONALES Y APORTES PARAFISCALES (PERSONAS JURÍDICAS)
A56: Certificación/declaración expedida por el proponente persona natural, o por el revisor fiscal o representante legal del proponente persona jurídica, acreditando que a la fecha de presentación de la propuesta se encuentra al día en el pago de las obligaciones con el Sistema de Seguridad Social Integral (salud, riesgos laborales y pensiones) y aportes parafiscales (Cajas de Compensación Familiar, Instituto Colombiano de Bienestar Familiar – ICBF y Servicio Nacional de Aprendizaje – SENA), y en los útlimos seis (06) meses | C56: OK | D56: El proponente aporta el certificado de pago a seguridad social y aportes parafiscales (Anexo 3) debidamente diligenciado y firmado por el representante legal y el revisor fiscal . | E56: =IF(AND(OR(C56="OK",C56="N/A"),OR(C57="OK",C57="N/A"),OR(C58="OK",C58="N/A"),OR(C59="OK",C59="N/A")),"CUMPLE","NO CUMPLE") -> CUMPLE
A57: Planillas de pagos | C57: N/A
A58: Copia de la cédula de ciudadanía y copia de la tarjeta profesional del revisor fiscal | C58: N/A
A59: Certificación de Antecedentes de la Junta Central de Contadores del revisor fiscal | C59: N/A
A60: FOTOCOPIA DEL REGISTRO ÚNICO TRIBUTARIO (RUT).
A61: Documento expedido por la Dirección de Impuestos y Aduanas Nacionales, donde aparezca claramente el NIT del proponente el cual debe estar actualizado en sus actividades económicas | C61: OK | D61: El proponente aporta Registro Único Tributario con numero de formulario 141138141977 , fecha de actualización del 2024 - 10 - 18, fecha de generación del PDF del 28-11-2024 | E61: =IF(AND(OR(C61="OK",C61="N/A")),"CUMPLE","NO CUMPLE") -> CUMPLE
A62: PACTO DE TRANSPARENCIA - COMPROMISO ANTICORRUPCIÓN
A63: El compromiso que debe contraer el proponente, deberá hacerse constar en una carta de compromiso y se contraerá bajo la gravedad de juramento, el que se entiende prestado por la sola suscripción del anexo en el Pliego de Condiciones. | C63: OK | D63: El proponente aporta compromiso anticorrupción (Anexo 2) debidamente diligenciado y firmado el 22/11/2024. | E63: =IF(AND(OR(C63="OK",C63="N/A")),"CUMPLE","NO CUMPLE") -> CUMPLE
A64: HOJA DE VIDA DE LA FUNCIÓN PÚBLICA
A65: El proponente, deberá aportar Hoja de Vida para persona natural o jurídica formato único de DAFP. | C65: OK | D65: El proponente aporta Hoja de vida de la Función Pública | E65: =IF(AND(OR(C65="OK",C65="N/A")),"CUMPLE","NO CUMPLE") -> CUMPLE
A66: EVALUACION JURÍDICA | D66: CUMPLE
B70: JUAN PABLO STERLING BASTIDAS - ABOGADO CONTRATISTA
